 Dungeon Crawl Stone Soup version 0.26.1-11-gd32895ea62 (webtiles) character file.

Game seed: 9337699595160288616

280 nothank2 the Sneak (level 6, 0/28 HPs)
             Began as a Spriggan Enchanter on June 24, 2021.
             Succumbed to a water moccasin's poison
             ... on level 3 of the Dungeon.
             The game lasted 00:18:06 (5523 turns).

nothank2 the Sneak (Spriggan Enchanter)             Turns: 5523, Time: 00:18:07

Health: 0/28       AC:  7    Str:  2 (4)  XL:     6   Next: 5%
Magic:  12/12      EV: 18    Int: 13 (16) God:
Gold:   116        SH:  0    Dex: 18 (19) Spells: 8/11 levels left

rFire    + . .     SeeInvis +   a - +1 dagger
rCold    + . .     Faith    .   (shield restricted)
rNeg     . . .     Spirit   .   b - +0 robe
rPois    +         Reflect  .   (helmet restricted)
rElec    +         Harm     .   k - +0 cloak
rCorr    +         Rampage  .   (gloves unavailable)
Will     +....                  (boots unavailable)
Stlth    ++++......             (no amulet)
HPRegen  0.09/turn              l - +4 ring of protection
MPRegen  0.13/turn              (no ring)

@: lethally poisoned (0 -> -4), resistant, very slightly contaminated,
invisible, very quick
A: very small, unfitting armour, see invisible, speed 3
a: no special abilities


You were on level 3 of the Dungeon.
You visited 1 branch of the dungeon, and saw 3 of its levels.

You collected 116 gold pieces.

Inventory:

Hand Weapons
 a - a +1 dagger (weapon)
 e - a +0 dagger of pain
 h - a +0 dagger of venom
Missiles
 n - 7 boomerangs
Armour
 b - a +0 robe (worn)
 k - a +0 cloak (worn)
Jewellery
 l - a +4 ring of protection (left hand)
Scrolls
 c - a scroll of fog
 d - 4 scrolls of remove curse
 f - a scroll of amnesia {unknown}
 g - a scroll of teleportation
 i - 2 scrolls of identify
 j - 2 scrolls of enchant weapon
 o - a scroll of random uselessness {unknown}


   Skills:
 - Level 1.1 Short Blades
 - Level 3.0 Dodging
 + Level 7.0 Stealth
 - Level 3.3 Spellcasting
 - Level 6.8 Hexes


You had 8 spell levels left.
You knew the following spells:

 Your Spells              Type           Power        Failure   Level
a - Corona                Hex            21%          1%          1
b - Ensorcelled Hibernat  Hex/Ice        22%          9%          2

Your spell library contained the following spells:

 Spells                   Type           Power        Failure   Level
 Confusing Touch          Hex            19%          4%          3
 Tukima's Dance           Hex            19%          4%          3
 Dazzling Flash           Conj/Hex       22%          17%         3


Dungeon Overview and Level Annotations

Branches:
Dungeon (3/15)

Altars:
Cheibriados
Fedhas
Kikubaaqudgha
Okawaru
Qazlal
Uskayaw
Xom

Annotations:
D:3 Grinder


Innate Abilities, Weirdness & Mutations

You are very small and have problems with some larger weapons.
You are too small for most types of armour.
You have supernaturally acute eyesight. (SInv)
You cover ground extremely quickly.


Message History

You are very lightly contaminated with residual magic.
It was a potion of resistance.
You feel protected.
* * * LOW HITPOINT WARNING * * *
You feel sick. The water moccasin barely misses you.
* * * LOW HITPOINT WARNING * * *
You feel sick.
It was a potion of degeneration.
There was something very wrong with that liquid.
You feel weakened.
You feel dopey.
You feel clumsy.
* * * LOW HITPOINT WARNING * * *
You feel sick.
Okay, then.
There is a lethal amount of poison in your body!
There is a lethal amount of poison in your body!
* * * LOW HITPOINT WARNING * * *
You feel sick.
* * * LOW HITPOINT WARNING * * *
You feel sick.
You die...

#.#.###.#.##.........#######.....
#.#..........#...##### ####.#
..........####.[.# #>#
#.#.......# #...# #.# #.#.......#
#...# #.# ..#.......# #...# #.#
###.#####'## #...# #.#
##.........# #...# #.#
##.......>.# #..@# #.#
##.........# #...# #.#
##.........# #†..# #.#
##.........# #...# #.#
##.........# ##### #.#
##.........# #.# ##.........# #.#
#.........# #.# #.........# #.#


There were no monsters in sight!

Vanquished Creatures
  An ogre (D:3)
  Crazy Yiuf (D:2)
  Jessica (D:2)
  2 adders (D:3)
  4 gnolls (D:3)
  An ooze (D:1)
  2 worms (D:3)
  A dart slug (D:3)
  4 orcs (D:3)
  5 bats
  5 giant cockroaches
  14 goblins
  7 hobgoblins
  8 jackals
  7 kobolds
  A quokka (D:3)
  A ball python (D:1)
  6 frilled lizards
  7 rats
78 creatures vanquished.

Vanquished Creatures (others)
  A plant (D:2)
1 creature vanquished.

Grand Total: 79 creatures vanquished

Notes
Turn   | Place    | Note
-------+----------+-------------------------------------------
     0 | D:1      | nothank2 the Spriggan Enchanter began the quest for the
                  | Orb.
     0 | D:1      | Reached XP level 1. HP: 9/9 MP: 5/5
   188 | D:1      | Reached XP level 2. HP: 11/13 MP: 7/7
   696 | D:1      | Learned a level 2 spell: Ensorcelled Hibernation
  1482 | D:1      | Reached XP level 3. HP: 10/16 MP: 8/8
  1758 | D:2      | Noticed Jessica
  2485 | D:1      | Reached skill level 5 in Hexes
  2793 | D:2      | Killed Jessica
  2794 | D:2      | Reached XP level 4. HP: 20/21 MP: 2/10
  2982 | D:2      | Found a blossoming altar of Fedhas.
  3113 | D:2      | Found a runed translucent door.
  3114 | D:2      | Noticed Crazy Yiuf
  3425 | D:2      | Killed Crazy Yiuf
  3531 | D:2      | Found a stormy altar of Qazlal.
  3657 | D:2      | Found a hide-covered altar of Uskayaw.
  3657 | D:2      | Found a snail-covered altar of Cheibriados.
  3739 | D:3      | Noticed an ogre
  3877 | D:3      | Found an iron altar of Okawaru.
  4021 | D:3      | Reached XP level 5. HP: 24/24 MP: 2/11
  4272 | D:3      | Found a shimmering altar of Xom.
  4395 | D:3      | Found an ancient bone altar of Kikubaaqudgha.
  4441 | D:3      | Reached skill level 5 in Stealth
  4797 | D:3      | Killed an ogre
  4798 | D:3      | Reached skill level 6 in Stealth
  4798 | D:3      | Reached XP level 6. HP: 28/28 MP: 5/12
  5096 | D:3      | Noticed Grinder
  5445 | D:3      | Reached skill level 7 in Stealth
  5480 | D:3      | Noticed a water moccasin
  5519 | D:3      | HP: 1/28 [poisoned by a water moccasin]
  5523 | D:3      | Succumbed to a water moccasin's poison

Illustrated notes

Levels and vault maps discovered:
D:1:      mrwooster_arrival_arrow, layout_basic, corexii_item_surrounded_by_moat
D:2:      layout_rooms, grunt_qazlal_sundering, gammafunk_temple_overflow_wave,
          fedhas_altar_1, uniq_jessica, uniq_crazy_yiuf_cottage
D:3:      layout_basic, lemuel_doored_altar, xom_teletrap_fun,
          kennysheep_okawaru_gauntlet, uniq_grinder

Skill      XL: |  1  2  3  4  5  6 |
---------------+-------------------+-----
Hexes          | 4 5 6 |  6.8
Spellcasting   | 3 |  3.3
Stealth        | 6 7 |  7.0
Short Blades   | |  1.1
Dodging        | |  3.0

Action                   |  1- 3 |  4- 6 || total
-------------------------+-------+-------++-------
Melee: Dagger            |   179 |   218 ||   397
 Cast: Corona            |    13 |     9 ||    22
       Ensorcelled Hiber |     6 |    29 ||    35
  Use: Scroll            |       |     5 ||     5
       Potion            |       |     3 ||     3
 Stab: Sleeping          |     5 |    19 ||    24
       Distracted        |       |     2 ||     2
Armor: Robe              |    14 |    42 ||    56
Dodge: Dodged            |   181 |   195 ||   376
